 Dungeon Crawl Stone Soup version 0.31-a0-803-g95b03c3367 (webtiles) character file.

Game seed: 8839164500503056723

1710 Maratek the Covered (level 8, -1/62 HPs)
             Began as a Demonspawn Fighter on Sept 20, 2023.
             Was an Initiate of Gozag.
             Slain by a steam dragon (4 damage)
             ... on level 7 of the Dungeon.
             The game lasted 00:11:59 (5681 turns).

Maratek the Covered (Demonspawn Fighter)            Turns: 5681, Time: 00:11:59

Health: -1/62      AC: 16    Str: 20    XL:     8   Next: 74%
Magic:  8/8        EV: 11    Int:  9    God:    Gozag
Gold:   1136       SH:  0    Dex: 12    Spells: 7/7 levels left

rFire   . . .        t - +4 whip "Luapler" {flame, Will+}
rCold   + . .        (no shield)
rNeg    + + .        f - +7 ring mail of Ysuan Kuh {Harm rN++}
rPois   .            u - +0 helmet
rElec   .            (no cloak)
rCorr   .            (no gloves)
SInv    .            a - +1 pair of boots
Will    +....        (no amulet)
Stlth   +            m - ring of protection from cold
HPRegen 0.30/turn    (no ring)
MPRegen 0.11/turn

%: harm (+30% outgoing, +20% incoming)
@: gold aura
A: demonic guardian 3, foul stench 1, demonic touch 1
a: Renounce Religion, Potion Petition, Call Merchant, Bribe Branch


You were on level 7 of the Dungeon.
You worshipped Gozag.
Gozag was most pleased with you.
You visited 1 branch of the dungeon, and saw 7 of its levels.

You collected 1136 gold pieces.

Inventory:

Hand Weapons
 t - the +4 whip "Luapler" (weapon) {flame, Will+}
   (You found it on level 4 of the Dungeon)

   Will+:     It increases your willpower.
Armour
 a - a +1 pair of boots (worn)
 f - the +7 ring mail of Ysuan Kuh (worn) {Harm rN++}
   (You found it on level 7 of the Dungeon)

   rN++:      It greatly protects you from negative energy.
   Harm:      It increases damage dealt and taken.
 u - a +0 helmet (worn)
Jewellery
 m - a ring of protection from cold (left hand)
Wands
 h - a wand of flame (26)
Scrolls
 c - a scroll of revelation
 e - 4 scrolls of teleportation
 r - 2 scrolls of enchant weapon
 v - a scroll of identify
Potions
 b - a potion of degeneration {unknown}
 d - 3 potions of might
 g - 2 potions of resistance {unknown}
 i - 3 potions of enlightenment {unknown}
 j - 5 potions of curing {unknown}
 k - 2 potions of brilliance {unknown}
 l - a potion of cancellation {unknown}
 o - 3 potions of heal wounds {unknown}
 p - 4 potions of haste {unknown}
 q - a potion of berserk rage {unknown}
 s - a potion of mutation {unknown}


   Skills:
 + Level 5.0 Fighting
 + Level 2.9(5.2) Axes
 + Level 4.0(4.5) Maces & Flails
 + Level 5.3(5.7) Polearms
 + Level 5.6 Armour
 + Level 2.2 Dodging
 + Level 1.3 Stealth
 + Level 3.1 Shields


You had 7 spell levels left.
You didn't know any spells.
Your spell library contained the following spells:

 Spells                   Type           Power      Damage    Failure   Level
 Magic Dart               Conj           0%         1d3       54%         1
 Shock                    Conj/Air       0%         1d3       54%         1
 Blink                    Tloc           0%         N/A       69%         2
 Lesser Beckoning         Tloc           0%         N/A       69%         2
 Momentum Strike          Conj/Tloc      0%         3d8       69%         2
 Scorch                   Fire           0%         2d5       69%         2
 Searing Ray              Conj           0%         2d4       69%         2
 Wereblood                Tmut           0%         N/A       69%         2
 Gell's Gravitas          Tloc           0%         N/A       89%         3
 Stone Arrow              Conj/Erth      0%         3d7       89%         3
 Swiftness                Air            0%         N/A       89%         3
 Teleport Other           Tloc           0%         N/A       89%         3
 Airstrike                Air            0%         2d(0-16)  100%        4
 Animate Armour           Summ/Erth      0%         N/A       100%        4
 Flame Wave               Conj/Fire      0%         2d4       100%        4
 Fulminant Prism          Conj/Hex       0%         3d5       100%        4
 Irradiate                Conj/Tmut      0%         3d11      100%        5
 Dispersal                Tloc           0%         N/A       100%        6
 Summon Cactus Giant      Summ           0%         N/A       100%        6
 Lehudib's Crystal Spear  Conj/Erth      0%         10d2      100%        8


Dungeon Overview and Level Annotations

Branches:
Dungeon (7/15)             Temple (0/1) D:5

Altars:
Ashenzari
Gozag
Trog
Vehumet

Shops:
D:2 *   D:4 !   D:5 *

Annotations:
D:7 2 transporters


Innate Abilities, Weirdness & Mutations

A powerful demonic guardian rushes to your aid.
You may rarely emit foul miasma when damaged in melee.
Your touch may inflict minor irresistible damage on your foes.


Message History

The orc hits you but does no damage.
You barely miss the orc.
Your sixfirhy is engulfed in a cloud of scalding steam. x6
The orc closely misses you.
You hit the orc. You burn the orc.
You touch the orc.
You kill the orc!
Your sixfirhy is engulfed in a cloud of scalding steam. x6
The steam dragon misses your sixfirhy. The steam dragon claws your sixfirhy.
Your sixfirhy is engulfed in a cloud of scalding steam. x3
Your sixfirhy dies!
Your sixfirhy disappears in a puff of smoke!
The orc is engulfed in a cloud of scalding steam.
Items here: $ ( ) [.
The steam dragon barely misses you. The steam dragon closely misses you.
Items here: $ ( ) [.
You barely miss the steam dragon. The steam dragon breathes steam at you.
The ball of steam hits you!
* * * LOW HITPOINT WARNING * * *
A demonic guardian appears!
You hit the steam dragon. You burn the steam dragon.
The steam dragon is lightly wounded.
You are engulfed in a cloud of scalding steam.
* * * LOW HITPOINT WARNING * * *
You hit the steam dragon but do no damage.
The steam dragon is lightly wounded.
You are engulfed in a cloud of scalding steam.
* * * LOW HITPOINT WARNING * * *
Your soul eater is engulfed in a cloud of scalding steam.
The steam dragon bites you but does no damage.
The steam dragon closely misses you.
Aiming: Throw Flame
Press: ? - help, Q - select action, (/) - cycle Shift-Dir - straight line, f - steam dragon
Aim: a steam dragon (lightly wounded, catching its breath, ally target, 68% to hit)
The puff of flame hits the steam dragon.
The steam dragon is heavily wounded.
You are engulfed in a cloud of scalding steam.
The steam dragon bites you.
You die...
Your body crumbles into a pile of gold.

. #..##.##...###. .......
#..##.##..##.#.# ........
#...#..#..#x...©
.........###...#?##..##(.##
...............###....####[
..o<..###.$..........##..
.D. ##$$.............
#$#####§$.............
#.$oD@3######...S....#
######§§..$...........
#######........##
##.......## ##########


You could see a steam dragon (catching breath, ally target), an orc and a
friendly soul eater (summoned).

Vanquished Creatures
  Grinder (D:5)
  A vampire (D:7)
  A black bear (D:5)
  An ogre (D:5)
  3 centaurs (D:5)
  2 phantoms
  2 bullfrogs
  A scorpion (D:6)
  2 hounds
  3 jellies
  An orc priest (D:7)
  3 orc wizards
  A mummy (D:6)
  2 gnolls (D:6)
  7 adders
  3 white imps
  An ufetubus (D:5)
  3 worms
  7 dart slugs
  15 orcs
  10 ball pythons
  4 endoplasms
  4 giant cockroaches
  6 goblins
  6 hobgoblins
  3 jackals (D:1)
  3 quokkas
  3 bats
  18 frilled lizards
  A hobgoblin zombie (D:6)
  8 kobolds
  3 kobold zombies (D:6)
  8 rats
137 creatures vanquished.

Vanquished Creatures (collateral kills)
  A gnoll sergeant (D:6)
  An orc wizard (D:7)
  A gnoll (D:6)
  7 orcs (D:7)
  A hobgoblin (D:5)
  A quokka (D:5)
12 creatures vanquished.

Vanquished Creatures (others)
  A wizard (D:4)
1 creature vanquished.

Grand Total: 150 creatures vanquished

Notes
Turn   | Place    | Note
-------+----------+-------------------------------------------
     0 | D:1      | Maratek the Demonspawn Fighter began the quest for the Orb.
     0 | D:1      | Reached XP level 1. HP: 18/18 MP: 1/1
   185 | D:1      | Gained mutation: You may rarely emit foul miasma when
                  | damaged in melee. [demonic ancestry]
   185 | D:1      | Reached XP level 2. HP: 11/24 MP: 2/2
   806 | D:1      | Found a faded altar of an unknown god.
  1151 | D:1      | Prayed at the altar of an unknown god.
  1151 | D:1      | Became a worshipper of Gozag Ym Sagoz the Greedy
  1195 | D:2      | Reached XP level 3. HP: 24/29 MP: 3/3
  1670 | D:2      | Reached XP level 4. HP: 35/35 MP: 4/4
  1730 | D:2      | Found Hinav's General Store.
  2084 | D:3      | Reached skill level 1 in Polearms
  2756 | D:4      | Gained mutation: Your touch may inflict minor irresistible
                  | damage on your foes. [demonic ancestry]
  2756 | D:4      | Reached XP level 5. HP: 40/42 MP: 5/5
  2791 | D:4      | Found a bloodstained altar of Trog.
  3055 | D:4      | Noticed a wizard
  3060 | D:4      | Killed a wizard
  3143 | D:4      | Found Duteq's Distillery.
  3255 | D:4      | Identified the +4 whip "Luapler" {flame, Will+}
  3309 | D:4      | Found a broken altar of Ashenzari.
  3343 | D:4      | Noticed a phantom
  3352 | D:4      | Killed a phantom
  3353 | D:4      | Gained mutation: A weak demonic guardian rushes to your
                  | aid. [demonic ancestry]
  3353 | D:4      | Reached XP level 6. HP: 34/48 MP: 6/6
  3587 | D:5      | Entered Level 5 of the Dungeon
  3774 | D:5      | Reached skill level 1 in Dodging
  3774 | D:5      | Gained mutation: A demonic guardian rushes to your aid.
                  | [demonic ancestry]
  3774 | D:5      | Reached XP level 7. HP: 42/53 MP: 7/7
  3816 | D:5      | Found Zin's Purification Station.
  3835 | D:5      | Found a staircase to the Ecumenical Temple.
  3858 | D:5      | Reached skill level 1 in Maces & Flails
  3858 | D:5      | Reached skill level 1 in Stealth
  3917 | D:5      | Noticed Grinder
  3941 | D:5      | Killed Grinder
  3960 | D:5      | Reached skill level 5 in Polearms
  4031 | D:5      | Gained mutation: A powerful demonic guardian rushes to your
                  | aid. [demonic ancestry]
  4031 | D:5      | Reached XP level 8. HP: 59/61 MP: 8/8
  4209 | D:5      | Found a radiant altar of Vehumet.
  4619 | D:6      | Reached skill level 5 in Armour
  5402 | D:7      | Identified the +7 ring mail of Ysuan Kuh {Harm rN++}
  5457 | D:7      | Found a transporter.
  5467 | D:7      | Noticed a sixfirhy
  5514 | D:7      | Found a transporter.
  5656 | D:7      | Reached skill level 5 in Fighting
  5680 | D:7      | HP: 2/62 [steam dragon] (4)]
  5681 | D:7      | Slain by a steam dragon

Illustrated notes

Levels and vault maps discovered:
D:1:      dpeg_arrival_brainrot, layout_loops_ring,
          shapermc_ecumenical_altar_mp_vishouse, minmay_split_cup_small
D:2:      layout_loops_ring, serial_shops, shop,
          nicolae_kite_square_tiling_tiny, st_stairs_5,
          nicolae_elevator_lobby_asterisk
D:3:      layout_loops_ring, minmay_lizard_king
D:4:      layout_basic, trog_wizard, evilmike_ruin_ashenzari, serial_shops,
          nicolae_shop_statue_plus
D:5:      layout_loops_ring, vehumet_altar_wand_db, zin_purify,
          minmay_temple_entry_enclosed_plants, uniq_grinder
D:6:      nicolae_cairo_tiling_very_big, layout_cave_pools, moated_statue,
          minmay_mini_ossuary
D:7:      cheibrodos_steamvent, layout_rooms, lemuel_doored_altar,
          gammafunk_ghost_abyssal_escape, serial_shops, nicolae_shop_waterfront

Skill      XL: |  1  2  3  4  5  6  7  8 |
---------------+-------------------------+-----
Axes           | 2 |  2.9
Armour         | 3 4 5 |  5.6
Polearms       | 1 3 4 5 |  5.3
Shields        | 3 |  3.1
Dodging        | 1 2 |  2.2
Fighting       | 4 5 |  5.0
Maces & Flails | 1 4 |  4.0
Stealth        | 1 |  1.3

Action                     |  1- 3 |  4- 6 |  7- 9 || total
---------------------------+-------+-------+-------++-------
  Melee: War axe           |    83 |       |       ||    83
         Trident           |    39 |   124 |       ||   163
         Whip              |       |    45 |   126 ||   171
         Touch             |       |    11 |    21 ||    32
         Punch             |       |     1 |     1 ||     2
  Evoke: Wand              |       |       |     1 ||     1
    Use: Scroll            |       |       |     8 ||     8
   Stab: Distracted        |     1 |       |     1 ||     2
 Armour: Scale mail        |    72 |    85 |    63 ||   220
         Ring mail         |       |       |    51 ||    51
  Dodge: Dodged            |    65 |    60 |    83 ||   208
  Block: Buckler           |    19 |    19 |       ||    38

Table legend: (Time is in decaauts)
 A = Elapsed time spent in this place.
 B = Non-inter-level travel time spent in this place.
 C = Inter-level travel time spent in this place.
 D = Time resting spent in this place.
 E = Time spent auto-exploring this place.
 F = Levels seen in this place.
 G = Mean time per level.
                   A        B        C        D        E       F      G
               +--------+--------+--------+--------+--------+-----+--------+
         Total |   5745 |   5356 |    389 |    309 |   3947 |   7 |  820.7 |
       Dungeon |   5745 |   5356 |    389 |    309 |   3947 |   7 |  820.7 |
               +--------+--------+--------+--------+--------+-----+--------+

Top non-repeatable levels by time:
     D:1: 1193 daAuts
     D:5: 967 daAuts
     D:3: 866 daAuts
     D:4: 861 daAuts
     D:6: 837 daAuts
     D:2: 736 daAuts
     D:7: 281 daAuts
